Description

INnoVation vs. Dark, economic 3 bases

VOD

https://www.youtube.com/watch?v=M1Sfx2mpayg

Build Order

Get SALT Encoding   

  14  00:18  Supply Depot  
  15  00:40  Barracks  
  16  00:42  Refinery  
  19  1:26  Reaper  
  20  1:27  Orbital Command  
  20  1:37  Command Center  
  20  1:44  Supply Depot  
  21  1:59  Marine  
  23  2:10  Factory  
  25  2:16  Marine  
  26  2:34  Barracks Reactor  
  26  2:38  Command Center  
  27  2:50  Orbital Command  
  28  2:58  Starport  
  28  3:03  Refinery  
  29  3:14  Hellion x2  
  35  3:21  Barracks Tech Lab  
  37  3:35  Hellion x2  
  43  3:43  Banshee  canceled by INnoVation for a Raven
  46  3:51  Orbital Command  
  45  3:54  Raven  
  47  3:56  Hellion x2  
  51  3:59  Barracks Tech Lab  
  51  4:02  Supply Depot  
  53  4:18  Stimpack  
  55  4:19  Marine  
  56  4:20  Barracks  build on factory reactor
  56  4:25  Barracks  
  59  4:31  Supply Depot  
  59  4:32  Factory Reactor  
  60  4:36  Marine  
  63  4:44  Bunker x2  
  63  4:47  Banshee  
  66  4:48  Bunker  
  67  4:54  Marine  
  70  4:57  Supply Depot  
  73  5:10  Refinery  
  73  5:12  Marine x3  
  76  5:15  Action  swap barracks onto factory reactor
  78  5:24  Engineering Bay x2  
  78  5:26  Marine x2  
  80  5:27  Factory Reactor  
  80  5:29  Refinery  
  85  5:52  Terran Infantry Weapons Level 1, Terran Infantry Armor Level 1  
  81  6:08  Combat Shield  
  83  6:11  Spider Mines x2  
Spawning Tool Build Advisor. Get it on Overwolf

Go to:

Details

  • Created by: thehappypanda
  • Published on: Oct 11, 2020
  • Modified on: Oct 11, 2020
  • Patch: 4.11.0
  • Difficulty: Medium
Show
View Real Time Build Order
Export as new Build Order

Comments (0)

There are no comments. Be the first!

Create an account to comment!